| TOP OF THE 1ST |
|
Peninsula Panthers batting - Pitching for Kinston Eagles : RHP Brian Slagle
|
|
Pitching: RHP Brian Slagle
|
|
|
Batting: SHB Steven Malito
|
0-0: Foul Ball, location: 2F 0-1: Swinging Strike 0-2: Strikes out swinging
|
|
Batting: RHB Dan Cox
|
0-0: Fly out, F7 (Line Drive, 7, EV 93.1 MPH)
|
|
Batting: RHB David Stokes
|
0-0: Ball 1-0: Ball 2-0: Foul Ball, location: 2F 2-1: Called Strike 2-2: Foul Ball, location: 2F 2-2: Strikes out swinging
|
| Top of the 1st over - 0 runs, 0 hits, 0 errors, 0 left on base; Peninsula 0 - Kinston 0 |
| BOTTOM OF THE 1ST |
|
Kinston Eagles batting - Pitching for Peninsula Panthers : RHP Bill Aguilar
|
|
Pitching: RHP Bill Aguilar
|
|
|
Batting: LHB Jeffrey Wilson
|
0-0: Swinging Strike 0-1: Ball 1-1: SINGLE (Groundball, 34D, EV 98.8 MPH)
|
|
Batting: RHB Tony Incaviglia
|
0-0: Ball 1-0: Ball 2-0: Called Strike 2-1: Ball 3-1: Base on Balls Jeffrey Wilson to second
|
|
Batting: LHB Eric Peyton
|
0-0: Called Strike 0-1: Ball 1-1: Foul Ball, location: 2F 1-2: Strikes out swinging
|
|
Batting: RHB Carlos Ponce
|
0-0: Fielders Choice at 2nd, 5-4 (Groundball, 56, EV 80.6 MPH) Jeffrey Wilson to third
|
|
Batting: RHB Elias Corona
|
0-0: DOUBLE (Line Drive, 3D, EV 95.0 MPH) Jeffrey Wilson scores Carlos Ponce to third Runner from 3rd tries for Home, SAFE, no throw by RF
|
|
Batting: RHB Juan Perez
|
0-0: Called Strike 0-1: Ball 1-1: Ball 2-1: DOUBLE (Line Drive, 89D, EV 107.5 MPH) Elias Corona scores
|
|
Batting: RHB Alfredo Aceves
|
0-0: Called Strike 0-1: Ball 1-1: Called Strike 1-2: Foul Ball, location: 2F 1-2: Ball 2-2: Foul Ball, location: 2F 2-2: Foul Ball, location: 2F 2-2: Foul Ball, location: 2F 2-2: Ball 3-2: Strikes out looking
|
| Bottom of the 1st over - 3 runs, 3 hits, 0 errors, 1 left on base; Peninsula 0 - Kinston 3 |
| TOP OF THE 2ND |
|
Peninsula Panthers batting - Pitching for Kinston Eagles : RHP Brian Slagle
|
|
Batting: LHB Randy Harvey
|
0-0: Ball 1-0: Called Strike 1-1: Ball 2-1: Foul Ball, location: 2F 2-2: Strikes out swinging
|
|
Batting: RHB Lawrence McGee
|
0-0: Called Strike 0-1: Swinging Strike 0-2: Foul Ball, location: 2F 0-2: Strikes out swinging
|
|
Batting: SHB Vince Coleman
|
0-0: Ground out 4-3 (Groundball, 4, EV 83.8 MPH)
|
| Top of the 2nd over - 0 runs, 0 hits, 0 errors, 0 left on base; Peninsula 0 - Kinston 3 |
| BOTTOM OF THE 2ND |
|
Kinston Eagles batting - Pitching for Peninsula Panthers : RHP Bill Aguilar
|
|
Batting: LHB Randall Curtis
|
0-0: Ball 1-0: Called Strike 1-1: Ball 2-1: Ball 3-1: Swinging Strike 3-2: Strikes out looking
|
|
Batting: RHB Guadalupe Garcia
|
0-0: Called Strike 0-1: Foul Ball, location: 2F 0-2: SINGLE (Line Drive, 4D, EV 105.6 MPH)
|
|
Batting: LHB Jeffrey Wilson
|
0-0: Foul Ball, location: 2F 0-1: Ball 1-1: Ball 2-1: Foul Ball, location: 2F 2-2: Ball 3-2: Fly out, F8 (Line Drive, 8RM, EV 91.9 MPH)
|
|
Batting: RHB Tony Incaviglia
|
0-0: Ball 1-0: Foul Ball, location: 2F 1-1: Swinging Strike 1-2: Strikes out swinging
|
| Bottom of the 2nd over - 0 runs, 1 hit, 0 errors, 1 left on base; Peninsula 0 - Kinston 3 |
| TOP OF THE 3RD |
|
Peninsula Panthers batting - Pitching for Kinston Eagles : RHP Brian Slagle
|
|
Batting: SHB Romel Beck
|
0-0: Called Strike 0-1: Ball 1-1: Ball 2-1: Called Strike 2-2: Foul Ball, location: 2F 2-2: Strikes out swinging
|
|
Batting: RHB David Stevens
|
0-0: Foul Ball, location: 2F 0-1: SINGLE (Groundball, 4MD, EV 107.5 MPH)
|
|
Batting: RHB Franklin McKinney
|
0-0: Called Strike 0-1: Swinging Strike 0-2: Ball 1-2: Fly out, F4 (Popup, 3D, EV 52.5 MPH)
|
|
Batting: SHB Steven Malito
|
0-0: Called Strike 0-1: Foul Ball, location: 2F 0-2: Strikes out swinging
|
| Top of the 3rd over - 0 runs, 1 hit, 0 errors, 1 left on base; Peninsula 0 - Kinston 3 |
| BOTTOM OF THE 3RD |
|
Kinston Eagles batting - Pitching for Peninsula Panthers : RHP Bill Aguilar
|
|
Batting: LHB Eric Peyton
|
0-0: Swinging Strike 0-1: Ground out 4-3 (Groundball, 4, EV 86.3 MPH)
|
|
Batting: RHB Carlos Ponce
|
0-0: SOLO HOME RUN (Flyball, 78XD, EV 110.0 MPH), Distance : 388 ft
|
|
Batting: RHB Elias Corona
|
0-0: Called Strike 0-1: Foul Ball, location: 2F 0-2: Ball 1-2: Ball 2-2: Foul Ball, location: 2F 2-2: Foul Ball, location: 2F 2-2: Fly out, F8 (Flyball, 8RD, EV 102.5 MPH)
|
|
Batting: RHB Juan Perez
|
0-0: Foul Ball, location: 2F 0-1: Swinging Strike 0-2: Ball 1-2: Ground out 1-3 (Groundball, 13S, EV 73.8 MPH)
|
| Bottom of the 3rd over - 1 run, 1 hit, 0 errors, 0 left on base; Peninsula 0 - Kinston 4 |
| TOP OF THE 4TH |
|
Peninsula Panthers batting - Pitching for Kinston Eagles : RHP Brian Slagle
|
|
Batting: RHB Dan Cox
|
0-0: Ball 1-0: Ball 2-0: Fly out, F6 (Flyball, 56D, EV 83.8 MPH)
|
|
Batting: RHB David Stokes
|
0-0: DOUBLE (Line Drive, 78M, EV 93.1 MPH)
|
|
Batting: LHB Randy Harvey
|
0-0: Ball 1-0: Ball 2-0: 2-RUN HOME RUN (Flyball, 9D, EV 101.3 MPH), Distance : 377 ft
|
|
Batting: RHB Lawrence McGee
|
0-0: Foul Ball, location: 2F 0-1: Ball 1-1: Swinging Strike 1-2: Fly out, F7 (Flyball, 7, EV 89.4 MPH)
|
|
Batting: SHB Vince Coleman
|
0-0: Swinging Strike 0-1: Swinging Strike 0-2: Ball 1-2: Strikes out swinging
|
| Top of the 4th over - 2 runs, 2 hits, 0 errors, 0 left on base; Peninsula 2 - Kinston 4 |
| BOTTOM OF THE 4TH |
|
Kinston Eagles batting - Pitching for Peninsula Panthers : RHP Bill Aguilar
|
|
Batting: RHB Alfredo Aceves
|
0-0: Ground out 6-3 (Groundball, 6, EV 106.3 MPH)
|
|
Batting: LHB Randall Curtis
|
0-0: Ball 1-0: Fly out, F4 (Flyball, 34D, EV 88.8 MPH)
|
|
Batting: RHB Guadalupe Garcia
|
0-0: Foul Ball, location: 2F 0-1: Ball 1-1: Ground out U3 (Groundball, 34S, EV 83.8 MPH)
|
| Bottom of the 4th over - 0 runs, 0 hits, 0 errors, 0 left on base; Peninsula 2 - Kinston 4 |
| TOP OF THE 5TH |
|
Peninsula Panthers batting - Pitching for Kinston Eagles : RHP Brian Slagle
|
|
Batting: SHB Romel Beck
|
0-0: Called Strike 0-1: Ball 1-1: Swinging Strike 1-2: Fly out, F7 (Flyball, 7S, EV 90.6 MPH)
|
|
Batting: RHB David Stevens
|
0-0: Called Strike 0-1: Ball 1-1: Ball 2-1: Foul Ball, location: 2F 2-2: Foul Ball, location: 2F 2-2: Ground out 6-3 (Groundball, 6, EV 103.8 MPH)
|
|
Batting: RHB Franklin McKinney
|
0-0: Ball 1-0: Foul Ball, location: 2F 1-1: Foul Ball, location: 2F 1-2: Foul Ball, location: 2F 1-2: Strikes out swinging
|
| Top of the 5th over - 0 runs, 0 hits, 0 errors, 0 left on base; Peninsula 2 - Kinston 4 |
| BOTTOM OF THE 5TH |
|
Kinston Eagles batting - Pitching for Peninsula Panthers : RHP Bill Aguilar
|
|
Batting: LHB Jeffrey Wilson
|
0-0: Ball 1-0: Foul Ball, location: 2F 1-1: Foul Ball, location: 2F 1-2: SINGLE (Groundball, 6D, EV 106.9 MPH)
|
|
Batting: RHB Tony Incaviglia
|
0-0: Ball 1-0: Ball Jeffrey Wilson steals 2nd base 2-0: Called Strike 2-1: Ball 3-1: Called Strike 3-2: Foul Ball, location: 2F 3-2: Base on Balls
|
|
Batting: LHB Eric Peyton
|
0-0: Swinging Strike 0-1: SINGLE (Groundball, 6MS, EV 87.5 MPH) (infield hit) Jeffrey Wilson to third Tony Incaviglia to second
|
|
Batting: RHB Carlos Ponce
|
0-0: Ball 1-0: Swinging Strike 1-1: Ball 2-1: Foul Ball, location: 2F 2-2: SINGLE (Groundball, 56D, EV 109.4 MPH) Jeffrey Wilson scores Tony Incaviglia to third Eric Peyton to second Runner from 3rd tries for Home, SAFE, throw by LF to home
|
|
Pitching: RHP Guy Jones
|
|
|
Batting: RHB Elias Corona
|
0-0: Ball 1-0: Ball 2-0: Called Strike 2-1: Foul Ball, location: 2F 2-2: Ball 3-2: Fly out, F8 (Flyball, 89XD, EV 101.3 MPH) Runner from 2nd tags up, SAFE at 3rd, no throw by CF
|
|
Batting: RHB Juan Perez
|
0-0: Ball 1-0: Called Strike 1-1: Foul Ball, location: 2F 1-2: Foul Ball, location: 2F 1-2: Fly out, F9 (Flyball, 9S, EV 86.3 MPH)
|
|
Batting: RHB Alfredo Aceves
|
0-0: Ball 1-0: Ball 2-0: Called Strike 2-1: Fly out, F3 (Popup, 3S, EV 76.9 MPH)
|
| Bottom of the 5th over - 2 runs, 3 hits, 0 errors, 2 left on base; Peninsula 2 - Kinston 6 |
| TOP OF THE 6TH |
|
Peninsula Panthers batting - Pitching for Kinston Eagles : RHP Brian Slagle
|
|
Batting: SHB Steven Malito
|
0-0: Ball 1-0: Called Strike 1-1: Ball 2-1: Foul Ball, location: 2F 2-2: Ball 3-2: Base on Balls
|
|
Batting: RHB Dan Cox
|
0-0: Ball 1-0: Called Strike 1-1: Foul Ball, location: 2F 1-2: Ball 2-2: Ball 3-2: SINGLE (Groundball, 56D, EV 106.9 MPH) Steven Malito to second
|
|
Batting: RHB David Stokes
|
0-0: Foul Ball, location: 2F 0-1: Ball Steven Malito steals 3rd base (no throw) Dan Cox to second 1-1: Swinging Strike 1-2: Ball 2-2: Strikes out swinging
|
|
Batting: LHB Randy Harvey
|
0-0: Called Strike 0-1: Called Strike 0-2: Ball 1-2: Foul Ball, location: 2F 1-2: Ball 2-2: Foul Ball, location: 2F 2-2: Ball 3-2: SINGLE (Line Drive, 8LS, EV 93.8 MPH) Steven Malito scores Dan Cox to third
|
|
Batting: RHB Lawrence McGee
|
0-0: Called Strike 0-1: Fly out, F7 (Flyball, 78D, EV 110.6 MPH) Runner from 3rd tags up, SCORES, no throw by LF
|
|
Batting: SHB Vince Coleman
|
0-0: Ball 1-0: Swinging Strike 1-1: Ball 2-1: Ball 3-1: Foul Ball, location: 2F 3-2: Base on Balls Randy Harvey to second
|
|
Batting: SHB Romel Beck
|
0-0: Ball 1-0: Ball 2-0: Foul Ball, location: 2F 2-1: Called Strike 2-2: Ball 3-2: SINGLE (Groundball, 4, EV 98.8 MPH) Randy Harvey to third Vince Coleman to second Randy Harvey scores Vince Coleman to third
|
|
Pitching: RHP Andrew Adams
|
|
|
Batting: RHB David Stevens
|
0-0: Foul Ball, location: 2F 0-1: Ball 1-1: Swinging Strike 1-2: SINGLE (Line Drive, 8RS, EV 103.1 MPH) Vince Coleman scores Romel Beck to second Romel Beck to third
|
|
Batting: RHB Franklin McKinney
|
0-0: Ball 1-0: Ball 2-0: Ball 3-0: Base on Balls David Stevens to second
|
|
Batting: SHB Steven Malito
|
0-0: Ball 1-0: Ball 2-0: Ball 3-0: Base on Balls Romel Beck scores David Stevens to third Franklin McKinney to second
|
|
Batting: RHB Dan Cox
|
0-0: Ball 1-0: Called Strike 1-1: Swinging Strike 1-2: Ball 2-2: Foul Ball, location: 2F 2-2: Fielders Choice at 2nd, 6-4 (Groundball, 6, EV 84.4 MPH)
|
| Top of the 6th over - 5 runs, 4 hits, 0 errors, 3 left on base; Peninsula 7 - Kinston 6 |
| BOTTOM OF THE 6TH |
|
Kinston Eagles batting - Pitching for Peninsula Panthers : RHP Guy Jones
|
|
Batting: LHB Randall Curtis
|
0-0: Fly out, F7 (Flyball, 7D, EV 98.1 MPH)
|
|
Batting: RHB Guadalupe Garcia
|
0-0: Ball 1-0: Called Strike 1-1: Ball 2-1: Swinging Strike 2-2: Strikes out swinging
|
|
Batting: LHB Jeffrey Wilson
|
0-0: Ball 1-0: Called Strike 1-1: Foul Ball, location: 2F 1-2: Foul Ball, location: 2F 1-2: Ball 2-2: Ball 3-2: Foul Ball, location: 2F 3-2: SINGLE (Groundball, 6MD, EV 105.0 MPH)
|
|
Batting: RHB Tony Incaviglia
|
0-0: Called Strike 0-1: SINGLE (Groundball, 4MD, EV 110.6 MPH) Jeffrey Wilson to second Runner from 2nd tries for 3rd, SAFE, no throw by CF
|
|
Batting: LHB Eric Peyton
|
0-0: Ball 1-0: Ball 2-0: Foul Ball, location: 2F 2-1: Called Strike 2-2: Ball 3-2: SINGLE (Groundball, 6M, EV 80.6 MPH) (infield hit) Jeffrey Wilson scores Tony Incaviglia to second
|
|
Batting: RHB Carlos Ponce
|
0-0: Foul Ball, location: 2F 0-1: Fly out, F9 (Flyball, 89S, EV 81.9 MPH)
|
| Bottom of the 6th over - 1 run, 3 hits, 0 errors, 2 left on base; Peninsula 7 - Kinston 7 |
| TOP OF THE 7TH |
|
Peninsula Panthers batting - Pitching for Kinston Eagles : RHP Andrew Adams
|
|
Batting: RHB David Stokes
|
0-0: Called Strike 0-1: SINGLE (Groundball, 3D, EV 97.5 MPH)
|
|
Batting: LHB Randy Harvey
|
0-0: Ball 1-0: Fly out, F5 (Flyball, 5D, EV 93.1 MPH)
|
|
Batting: RHB Lawrence McGee
|
0-0: Called Strike 0-1: Ball 1-1: Ball 2-1: Foul Ball, location: 2F 2-2: Strikes out swinging
|
|
Batting: SHB Vince Coleman
|
0-0: Swinging Strike 0-1: Ball 1-1: Ball 2-1: SINGLE (Line Drive, 78S, EV 93.1 MPH) David Stokes to second
|
|
Batting: SHB Romel Beck
|
0-0: Ball 1-0: Foul Ball, location: 2F 1-1: Ball 2-1: Foul Ball, location: 2F 2-2: Ball 3-2: Ground out 4-3 (Groundball, 4, EV 85.6 MPH)
|
| Top of the 7th over - 0 runs, 2 hits, 0 errors, 2 left on base; Peninsula 7 - Kinston 7 |
| BOTTOM OF THE 7TH |
|
Kinston Eagles batting - Pitching for Peninsula Panthers : RHP Guy Jones
|
|
Batting: RHB Elias Corona
|
0-0: Ground out 4-3 (Groundball, 4, EV 103.1 MPH)
|
|
Batting: RHB Juan Perez
|
0-0: Ball 1-0: Ball 2-0: Called Strike 2-1: Ball 3-1: Fly out, F9 (Flyball, 9S, EV 85.6 MPH)
|
|
Batting: RHB Alfredo Aceves
|
0-0: Called Strike 0-1: Called Strike 0-2: Ball 1-2: Foul Ball, location: 2F 1-2: Ball 2-2: Foul Ball, location: 2F 2-2: Strikes out looking
|
| Bottom of the 7th over - 0 runs, 0 hits, 0 errors, 0 left on base; Peninsula 7 - Kinston 7 |
| TOP OF THE 8TH |
|
Peninsula Panthers batting - Pitching for Kinston Eagles : RHP Andrew Adams
|
|
Batting: RHB David Stevens
|
0-0: Foul Ball, location: 2F 0-1: Ball 1-1: Swinging Strike 1-2: Ground out 5-3 (Groundball, 5L, EV 87.5 MPH)
|
|
Batting: RHB Franklin McKinney
|
0-0: SOLO HOME RUN (Line Drive, 7D, EV 105.6 MPH), Distance : 383 ft
|
|
Batting: SHB Steven Malito
|
0-0: Called Strike 0-1: Ball 1-1: Ball 2-1: Ball 3-1: Base on Balls
|
|
Pitching: RHP Michael Allman
|
|
|
Batting: RHB Dan Cox
|
0-0: Called Strike 0-1: Swinging Strike 0-2: Ball 1-2: Fly out, F8 (Flyball, 78S, EV 90.6 MPH)
|
|
Batting: RHB David Stokes
|
0-0: Ball Steven Malito steals 2nd base 1-0: Ball 2-0: Called Strike 2-1: Fly out, F4 (Popup, 4D, EV 51.3 MPH)
|
| Top of the 8th over - 1 run, 1 hit, 0 errors, 1 left on base; Peninsula 8 - Kinston 7 |
| BOTTOM OF THE 8TH |
|
Kinston Eagles batting - Pitching for Peninsula Panthers : RHP Guy Jones
|
|
Batting: LHB Randall Curtis
|
0-0: Ball 1-0: Ball 2-0: Ball 3-0: Called Strike 3-1: Swinging Strike 3-2: Fly out, F7 (Line Drive, 7D, EV 91.3 MPH)
|
|
Batting: RHB Guadalupe Garcia
|
0-0: Called Strike 0-1: Swinging Strike 0-2: Ball 1-2: SINGLE (Groundball, 4MD, EV 98.8 MPH)
|
|
Batting: LHB Jeffrey Wilson
|
0-0: Called Strike 0-1: Ball 1-1: Fielders Choice at 2nd, 4-6 (Groundball, 34, EV 82.5 MPH)
|
|
Pitching: RHP Oil Can Boyd
|
|
|
Batting: RHB Tony Incaviglia
|
0-0: Called Strike 0-1: Swinging Strike 0-2: Ball 1-2: Ball 2-2: Foul Ball, location: 2F 2-2: Ball 3-2: Strikes out swinging
|
| Bottom of the 8th over - 0 runs, 1 hit, 0 errors, 1 left on base; Peninsula 8 - Kinston 7 |
| TOP OF THE 9TH |
|
Peninsula Panthers batting - Pitching for Kinston Eagles : RHP Michael Allman
|
|
Pitching: RHP Tommy Alexander
|
|
|
Batting: LHB Randy Harvey
|
0-0: Called Strike 0-1: Ball 1-1: Called Strike 1-2: Ground out 4-3 (Groundball, 4, EV 79.4 MPH)
|
|
Batting: RHB Lawrence McGee
|
0-0: Ball 1-0: Ball 2-0: Called Strike 2-1: Foul Ball, location: 2F 2-2: DOUBLE (Line Drive, 7LM, EV 103.8 MPH)
|
|
Batting: SHB Vince Coleman
|
0-0: Ball 1-0: 2-RUN HOME RUN (Flyball, 89XD, EV 102.5 MPH), Distance : 431 ft
|
|
Batting: SHB Romel Beck
|
0-0: Ball 1-0: Ground out 6-3 (Groundball, 6, EV 96.9 MPH)
|
|
Batting: RHB David Stevens
|
0-0: Fly out, F8 (Line Drive, 8LD, EV 90.6 MPH)
|
| Top of the 9th over - 2 runs, 2 hits, 0 errors, 0 left on base; Peninsula 10 - Kinston 7 |
| BOTTOM OF THE 9TH |
|
Kinston Eagles batting - Pitching for Peninsula Panthers : RHP Oil Can Boyd
|
|
Batting: LHB Eric Peyton
|
0-0: Called Strike 0-1: Ball 1-1: Foul Ball, location: 2F 1-2: Ball 2-2: Strikes out swinging
|
|
Batting: RHB Carlos Ponce
|
0-0: Ball 1-0: Ball 2-0: Ball 3-0: Called Strike 3-1: Called Strike 3-2: Fly out, F4 (Popup, 4D, EV 64.4 MPH)
|
|
Batting: RHB Elias Corona
|
0-0: Ball 1-0: Ball 2-0: Foul Ball, location: 2F 2-1: SOLO HOME RUN (Flyball, 78XD, EV 93.1 MPH), Distance : 406 ft
|
|
Batting: RHB Juan Perez
|
0-0: Ball 1-0: Foul Ball, location: 2F 1-1: Swinging Strike 1-2: Ball 2-2: Ball 3-2: SINGLE (Groundball, 6M, EV 104.4 MPH) (infield hit)
|
|
Batting: RHB Alfredo Aceves
|
0-0: Ball 1-0: Swinging Strike 1-1: Foul Ball, location: 2F 1-2: Foul Ball, location: 2F 1-2: Fly out, F7 (Flyball, 7LS, EV 92.5 MPH)
|
| Bottom of the 9th over - 1 run, 2 hits, 0 errors, 1 left on base; Peninsula 10 - Kinston 8 |
|